 Dungeon Crawl Stone Soup version 0.20.1-1-g8b1a95d (webtiles) character file.

341 Kudos the Bolt Thrower (level 6, -13/37 HPs)
             Began as a Kobold Hunter on Dec 11, 2017.
             Mangled by an ogre
             ... wielding a +0 giant club
              (16 damage)
             ... on level 5 of the Dungeon on Dec 12, 2017.
             The game lasted 00:43:55 (4836 turns).

Kudos the Bolt Thrower (Kobold Hunter)              Turns: 4836, Time: 00:43:55

Health: -13/37     AC:  9    Str: 10    XL:     6   Next: 87%
Magic:  6/6        EV:  7    Int: 13    God:
Gold:   61         SH:  0    Dex: 16    Spells: 5/5 levels left

rFire    . . .     SeeInvis .   j - +5 short sword
rCold    . . .     Gourm    .   (shield restricted)
rNeg     + . .     Faith    .   g - +0 chain mail
rPois    .         Spirit   .   r - +0 helmet
rElec    .         Reflect  .   (no cloak)
rCorr    .         Harm     .   (no gloves)
MR       .....                  (no boots)
Stlth    ..........             (no amulet)
Regen    0.2/turn               (no ring)
MPRegen  0.1/turn               t - ring of positive energy

@: no status effects
A: carnivore 3
a: no special abilities


You were on level 5 of the Dungeon.
You were completely stuffed.

You visited 1 branch of the dungeon, and saw 5 of its levels.

You collected 61 gold pieces.

Inventory:

Hand Weapons
 a - a +1 hand crossbow
 b - a +0 short sword
 j - a +5 short sword (weapon)
 l - a +0 club
 p - a +0 whip
Missiles
 d - 14 bolts
 k - 80 stones (quivered)
 m - 21 arrows
 n - 44 sling bullets
Armour
 c - a +0 leather armour
 e - a +1 leather armour of poison resistance
 g - a +0 chain mail (worn)
 h - a +0 ring mail
 q - a +1 animal skin
 r - a +0 helmet (worn)
Jewellery
 t - a ring of positive energy (right hand)
Wands
 i - a wand of flame (12/48)
Scrolls
 s - a scroll of identify
 v - a scroll of fear
Potions
 w - a potion of lignification {unknown}
Comestibles
 f - 2 meat rations
 o - 3 fruits


   Skills:
 + Level 3.3 Fighting
 + Level 3.9 Short Blades
 + Level 6.4 Crossbows
 + Level 1.8 Throwing
 + Level 1.9 Armour
 + Level 2.9 Dodging
 + Level 1.3 Stealth


You had 5 spell levels left.
You didn't know any spells.

Dungeon Overview and Level Annotations

Branches:
Dungeon (5/15)
 Temple: D:4-7

Altars:


Innate Abilities, Weirdness & Mutations

You are small and have problems with some larger weapons.
You are carnivorous and can eat meat at any time.


Message History

Ouch! That really hurt!
* * * LOW HITPOINT WARNING * * *
The adder skeleton bites you.
* * * LOW HITPOINT WARNING * * *
You barely miss the ogre.
The ogre is heavily wounded.
The adder skeleton bites you.
* * * LOW HITPOINT WARNING * * *
The ogre barely misses you.
The adder skeleton bites you but does no damage.
The adder skeleton barely misses you.
There is a stone staircase leading down here.
The adder skeleton bites you but does no damage.
The ogre barely misses you.
The adder skeleton bites you but does no damage.
You climb downwards.
Found a stone staircase leading down.
There is a stone staircase leading up here.
The ogre hits you with a giant club!
You die...

..# #.# #.# #
##.##
#.##...##
.##.......###
............#
#...O@..#
#...#.........
#. ##..##....
...# ### ##.#
.# .# >.


You could see an ogre.

Vanquished Creatures
  The ghost of MudFish the Sneak, an amateur MfAs (D:3)
  Jessica (D:3)
  Ijyb (D:3)
  Natasha (twice) (D:2)
  Robin (D:2)
  A gnoll (D:1)
  4 adders
  2 oozes
  A worm (D:3)
  2 dart slugs
  4 leopard geckos
  2 ball pythons
  4 giant cockroaches
  12 hobgoblins
  3 quokkas
  9 bats
  7 frilled lizards
  14 goblins
  10 kobolds
  11 rats
92 creatures vanquished.

Notes
Turn   | Place    | Note
-------+----------+-------------------------------------------
     0 | D:1      | Kudos the Kobold Hunter began the quest for the Orb.
     0 | D:1      | Reached XP level 1. HP: 12/12 MP: 1/1
     4 | D:1      | Reached skill level 5 in Crossbows
    74 | D:1      | Reached XP level 2. HP: 17/17 MP: 2/2
   867 | D:1      | Reached XP level 3. HP: 18/21 MP: 3/3
  1222 | D:1      | Reached skill level 6 in Crossbows
  1543 | D:2      | Reached XP level 4. HP: 27/27 MP: 4/4
  1605 | D:2      | Noticed Robin
  1664 | D:2      | Killed Robin
  1873 | D:2      | Reached skill level 1 in Throwing
  1963 | D:2      | Reached skill level 1 in Short Blades
  2110 | D:2      | Reached XP level 5. HP: 31/31 MP: 5/5
  2176 | D:2      | Noticed Natasha
  2187 | D:2      | Killed Natasha
  2452 | D:2      | Reached skill level 1 in Armour
  2498 | D:2      | Noticed Natasha
  2510 | D:2      | Killed Natasha
  2790 | D:3      | Noticed MudFish's ghost (amateur MfAs)
  3370 | D:3      | Killed MudFish's ghost
  3370 | D:3      | Reached XP level 6. HP: 16/36 MP: 6/6
  3557 | D:3      | Noticed Ijyb
  3584 | D:3      | Killed Ijyb
  3924 | D:3      | Noticed Jessica
  3933 | D:3      | Killed Jessica
  4812 | D:4      | Noticed an ogre
  4835 | D:5      | Entered Level 5 of the Dungeon
  4836 | D:5      | Mangled by an ogre

Skill      XL: |  1  2  3  4  5  6 |
---------------+-------------------+-----
Crossbows      | 5 6 |  6.4
Throwing       | 1 |  1.8
Short Blades   | 1 3 |  3.9
Armour         | 1 |  1.9
Fighting       | 3 |  3.3
Dodging        | |  2.9
Stealth        | |  1.3

Action                   |  1- 3 |  4- 6 || total
-------------------------+-------+-------++-------
Melee: Short sword       |    35 |   246 ||   281
       Hand crossbow     |     1 |       ||     1
 Fire: Hand crossbow     |    31 |    16 ||    47
Throw: Stone             |    29 |   102 ||   131
  Use: Scroll            |       |     9 ||     9
  Eat: Chunk             |    10 |    11 ||    21
Armor: Leather armour    |     7 |    23 ||    30
       Chain mail        |       |    81 ||    81
Dodge: Dodged            |    24 |   130 ||   154
